 Dungeon Crawl Stone Soup version 0.30-a0-1160-g6e42c06551 (webtiles) character file.

Game seed: 15738768158563060259

7574 sircluck the Cleaver (level 11, -4/97 HPs)
             Began as a Hill Orc Fighter on Apr 25, 2023.
             Was a Believer of Beogh.
             Slain by an elephant (12 damage)
             ... in a Gauntlet.
             The game lasted 00:18:21 (8421 turns).

sircluck the Cleaver (Hill Orc Fighter)             Turns: 8421, Time: 00:18:21

Health: -4/97      AC: 19    Str: 24    XL:     11   Next: 17%
Magic:  11/11      EV:  7    Int:  8    God:    Beogh [**....]
Gold:   321        SH:  5    Dex: 10    Spells: 10/10 levels left

rFire   + + .        w - +5 war axe
rCold   . . .        c - +0 buckler
rNeg    . . .        v - +0 plate armour
rPois   +            o - +1 helmet
rElec   .            (no cloak)
rCorr   .            (no gloves)
SInv    .            B - +1 pair of boots of Incorporation {rPois}
Will    +....        F - amulet of Nodwoyn {rC+ Will+ Regen+} Stlth
                     r - ring of fire
HPRegen 1.16/turn    I - ring of protection from fire
MPRegen 0.12/turn

%: no teleportation
@: no status effects
A: no striking features
a: Renounce Religion, Smiting


You were in a Gauntlet.
You worshipped Beogh.
Beogh was pleased with you.
You visited 3 branches of the dungeon, and saw 10 of its levels.
You also visited: Gauntlet.

You collected 577 gold pieces.
You spent 256 gold pieces at shops.

Inventory:

Hand Weapons
 a - a +0 war axe
 w - a +5 war axe (weapon)
 K - the +9 hand axe "Ogre's Nightmare" {drain, rElec rC+ Int+3}
   (You found it in a Gauntlet)

   Int:       It affects your intelligence (+3).
   rC:        It protects you from cold.
   rElec:     It insulates you from electricity.
Missiles
 j - 69 stones (quivered)
 k - 5 javelins
 y - 17 boomerangs
 A - 6 curare-tipped darts
Armour
 b - a +0 scale mail
 c - a +0 buckler (worn)
 o - a +1 helmet (worn)
 v - a +0 plate armour (worn)
 B - the +1 pair of boots of Incorporation (worn) {rPois}
   (You bought it in a shop on level 5 of the Dungeon)

   rPois:     It protects you from poison.
 C - a +2 scale mail of willpower
Jewellery
 r - a ring of fire (left hand)
 u - a ring of fire
 F - the amulet of Nodwoyn (around neck) {rC+ Will+ Regen+}
   (You found it on level 7 of the Dungeon)

   [amulet of regeneration]

   rC:        It protects you from cold.
   Regen:     It increases your rate of health regeneration.
   Will:      It increases your willpower.
 I - a ring of protection from fire (right hand)
Wands
 e - a wand of digging (4)
 h - a wand of light (8)
Scrolls
 f - a scroll of poison
 m - 2 scrolls of noise
 q - a scroll of amnesia {unknown}
 s - 5 scrolls of identify
 D - a scroll of silence
 G - a scroll of magic mapping
Potions
 d - 5 potions of might
 g - a potion of haste {unknown}
 i - a potion of invisibility {unknown}
 l - 3 potions of lignification {unknown}
 n - 5 potions of curing
 p - 2 potions of mutation {unknown}
 t - a potion of magic {unknown}
 x - a potion of cancellation {unknown}
 H - a potion of berserk rage {unknown}
 J - a potion of ambrosia {unknown}
 L - 2 potions of resistance {unknown}


   Skills:
 + Level 9.2 Fighting
 + Level 14.5 Axes
 + Level 9.4 Armour
 + Level 2.4 Dodging
 + Level 1.7 Stealth
 + Level 7.1 Shields


You had 10 spell levels left.
You didn't know any spells.
Your spell library contained the following spells:

 Spells                   Type           Power      Damage    Failure   Level
 Summon Small Mammal      Summ           0%         N/A       99%         1
 Ensorcelled Hibernation  Hex/Ice        0%         N/A       100%        2
 Lesser Beckoning         Tloc           0%         N/A       100%        2
 Call Canine Familiar     Summ           0%         N/A       100%        3
 Dazzling Flash           Conj/Hex       0%         N/A       100%        3
 Gell's Gravitas          Tloc           0%         N/A       100%        3
 Spider Form              Tmut/Pois      0%         N/A       100%        3
 Stone Arrow              Conj/Erth      0%         3d7       100%        3
 Summon Guardian Golem    Hex/Summ       0%         N/A       100%        3
 Teleport Other           Tloc           0%         N/A       100%        3
 Anguish                  Hex/Necr       0%         N/A       100%        4
 Animate Armour           Summ/Erth      0%         N/A       100%        4
 Agony                    Necr           0%         N/A       100%        5
 Iskenderun's Battlesphe  Conj           0%         2d6       100%        5
 Silence                  Hex/Air        0%         N/A       100%        5
 Lehudib's Crystal Spear  Conj/Erth      0%         10d2      100%        8


Dungeon Overview and Level Annotations

Branches:
Dungeon (8/15)             Temple (1/1) D:7            Lair (1/5) D:8
Gauntlet (1/1)

Altars:
Ashenzari
Cheibriados
Dithmenos
Elyvilon
Fedhas
Gozag
Hepliaklqana
Kikubaaqudgha
Makhleb
Nemelex Xobeh
Okawaru
Qazlal
Ru
Trog
Uskayaw
Vehumet
Wu Jian
Yredelemnul
Zin
The Shining One

Shops:
D:5 [

Annotations:
Gauntlet 7 transporters, 16 runed translucent doors, exclusion: lightning spire


Message History

The elephant trunk-slaps you but does no damage.
The dire elephant tramples you!
You hold your ground!
The dire elephant barely misses you.
You slash the dire elephant!
The dire elephant is moderately wounded.
You hit the elephant but do no damage. x2
Unknown command.
Aiming: Bolt of Light
Press: ? - help, Q - select action, (/) - cycle Shift-Dir - straight line, f/p - dire elephant
Aim: a dire elephant (moderately wounded, 100% to hit)
The bolt of light hits the dire elephant.
The dire elephant is moderately wounded.
The dire elephant is blinded.
The bolt of light hits the elephant!
The elephant is lightly wounded.
The elephant is blinded.
The elephant tramples you!
* * * LOW HITPOINT WARNING * * *
You hold your ground!
The elephant barely misses you.
The elephant tramples you but does no damage.
The elephant trunk-slaps you but does no damage.
The dire elephant tramples you but does no damage.
The dire elephant trunk-slaps you but does no damage.
Read: scroll of poison
Press: ? - help, Q - select action, (/) - cycle Dir - look around, f - activate Look: a dire elephant (moderately wounded, blind)
Okay, then.
As you read the scroll of fog, it crumbles to dust.
The scroll dissolves into smoke.
The elephant closely misses you.
The elephant trunk-slaps you but does no damage.
The elephant tramples you!
* * * LOW HITPOINT WARNING * * *
You hold your ground!
The elephant trunk-slaps you but does no damage.
The dire elephant tramples you!
* * * LOW HITPOINT WARNING * * *
You hold your ground!
You block the dire elephant's attack.
As you read the scroll of identify, it crumbles to dust.
n - 5 potions of curing The elephant tramples you!
You die...

#..#5##5#.p#..#..8#8h8#..#.....
#..#########..#########..#©...#
.......................∩.#....#
.........................#.....
##########..###########..#©...#
#.......##..#..+..+...#..#....#
.#.....#.#..#..+..+...#..###...
..#...#..#..#++#++##./#§.≈# ..#
...#.#...####..+@YY'.?#§.## .#
...©#...©#©©#©.#YY§'.©#§.≈#
...#.#..)####..+§§§'.=#§.##
..#...#..#..#++#++##..#..≈#
.#.....#.#..#..+..+...#..##
#.......##..#..+..+...#..≈#
##########..###########..##
§........................§#
.........§............§§.##


You could see a dire elephant (blind) and 3 elephants.

Vanquished Creatures
  Sonja (Lair:1)
  The ghost of ninjaread99 the Conjurer, a novice HuCj of Qazlal (D:5)
  Joseph (D:7)
  Maggie (D:7)
  The ghost of lunkers the Gusty, a novice MeAE of Sif Muna (D:6)
  2 rime drakes (Lair:1)
  4 hornets
  7 yaks
  4 fire bats (D:8)
  A ynoxinul (Gauntlet)
  Grum (D:8)
  A hell hound (D:8)
  An orc warrior (D:8)
  2 wolves (D:8)
  An ogre (D:6)
  2 phantoms
  3 centaurs
  4 bullfrogs
  8 scorpions
  8 wights (D:6)
  3 killer bees (D:6)
  2 lava snakes (D:8)
  3 hounds
  2 orc priests (D:3)
  2 jellies
  3 iron imps (Gauntlet)
  2 iguanas (D:6)
  6 gnolls
  8 adders
  3 shadow imps
  A white imp (D:7)
  An ufetubus (D:4)
  2 worms
  4 dart slugs
  15 orcs
  An endoplasm (D:2)
  2 giant cockroaches
  4 hobgoblins
  5 quokkas
  7 ball pythons
  7 bats
  5 frilled lizards
  5 goblins
  3 kobolds
  6 rats
156 creatures vanquished.

Vanquished Creatures (others)
  An orc priest (D:4)
  2 orcs (D:4)
  3 fire vortices (D:8)
  4 fungi (D:8)
  14 plants
24 creatures vanquished.

Grand Total: 180 creatures vanquished

Notes
Turn   | Place    | Note
-------+----------+-------------------------------------------
     0 | D:1      | sircluck the Hill Orc Fighter began the quest for the Orb.
     0 | D:1      | Reached XP level 1. HP: 19/19 MP: 1/1
   278 | D:1      | Reached XP level 2. HP: 21/27 MP: 2/2
   588 | D:1      | Reached skill level 3 in Axes
   735 | D:1      | Found a faded altar of an unknown god.
   800 | D:1      | Reached XP level 3. HP: 33/33 MP: 3/3
  1672 | D:2      | Reached skill level 4 in Axes
  1672 | D:2      | Reached XP level 4. HP: 40/40 MP: 4/4
  1887 | D:3      | Got the Folio of Attacks
  2032 | D:3      | Found an ornate altar of the Wu Jian Council.
  2110 | D:3      | Found an iron altar of Okawaru.
  2114 | D:3      | Reached XP level 5. HP: 46/46 MP: 5/5
  2439 | D:4      | Became a worshipper of Beogh the Brigand
  2596 | D:3      | Reached skill level 5 in Axes
  2632 | D:4      | Found a shadowy altar of Dithmenos.
  2719 | D:4      | Reached XP level 6. HP: 53/53 MP: 6/6
  3208 | D:5      | Entered Level 5 of the Dungeon
  3228 | D:5      | Reached skill level 6 in Axes
  3459 | D:5      | Reached skill level 7 in Axes
  3657 | D:5      | Found a runed translucent door.
  3660 | D:5      | Noticed ninjaread99's ghost (novice HuCj)
  3759 | D:5      | Reached XP level 7. HP: 55/60 MP: 7/7
  3831 | D:5      | Found Osep Wud's Antique Armour Emporium.
  3837 | D:5      | Bought a pair of blackened boots for 256 gold pieces
  3837 | D:5      | Identified the +1 pair of boots of Incorporation {rPois}
                  | (You bought it in a shop on level 5 of the Dungeon)
  3898 | D:5      | Killed ninjaread99's ghost
  3899 | D:5      | Reached skill level 5 in Fighting
  3899 | D:5      | Reached skill level 8 in Axes
  3899 | D:5      | Reached skill level 5 in Armour
  3899 | D:5      | Reached skill level 1 in Dodging
  3899 | D:5      | Reached XP level 8. HP: 40/68 MP: 8/8
  4116 | D:6      | Found a glowing golden altar of the Shining One.
  4177 | D:6      | Reached skill level 9 in Axes
  4302 | D:6      | Reached * piety under Beogh
  4598 | D:6      | Reached skill level 10 in Axes
  4751 | D:6      | Found an opulent altar of Gozag.
  4849 | D:6      | Reached XP level 9. HP: 64/75 MP: 9/9
  4896 | D:6      | Found a runed translucent door.
  4896 | D:6      | Noticed lunkers's ghost (novice MeAE)
  5289 | D:6      | Killed lunkers's ghost
  5290 | D:6      | Reached skill level 11 in Axes
  5379 | D:7      | Noticed a hornet
  5395 | D:7      | Killed a hornet
  5622 | D:7      | Noticed Joseph
  5949 | D:7      | Killed Joseph
  5950 | D:7      | Reached skill level 5 in Shields
  6178 | D:7      | Noticed Maggie
  6204 | D:7      | Killed Maggie
  6205 | D:7      | Reached skill level 12 in Axes
  6420 | D:7      | Found a staircase to the Ecumenical Temple.
  6486 | Temple   | Entered the Ecumenical Temple
  6771 | D:7      | Identified the amulet of Nodwoyn {rC+ Will+ Regen+}
  6882 | D:7      | Reached skill level 1 in Stealth
  7044 | D:7      | Reached XP level 10. HP: 86/86 MP: 10/10
  7201 | D:8      | Reached skill level 13 in Axes
  7281 | D:8      | Found a white marble altar of Elyvilon.
  7328 | D:8      | Noticed Grum
  7340 | D:8      | Reached ** piety under Beogh
  7475 | D:8      | Killed Grum
  7556 | D:8      | Found a sacrificial altar of Ru.
  7777 | D:8      | Found a staircase to the Lair.
  7810 | D:8      | Found a glowing silver altar of Zin.
  7893 | Lair:1   | Entered Level 1 of the Lair of Beasts
  7893 | Lair:1   | Noticed Sonja
  7916 | Lair:1   | Killed Sonja
  7917 | Lair:1   | Reached skill level 14 in Axes
  7996 | Lair:1   | Reached XP level 11. HP: 63/95 MP: 11/11
  8044 | Lair:1   | Found a gate leading to a gauntlet.
  8056 | Gauntlet | Entered a Gauntlet
  8056 | Gauntlet | Noticed a wizard
  8056 | Gauntlet | Found a transporter.
  8056 | Gauntlet | Found a transporter.
  8079 | Gauntlet | Found a transporter.
  8082 | Gauntlet | Found a transporter.
  8120 | Gauntlet | Found a transporter.
  8125 | Gauntlet | Found a transporter.
  8129 | Gauntlet | Noticed a wizard
  8132 | Gauntlet | Found a transporter.
  8134 | Gauntlet | Found a transporter.
  8134 | Gauntlet | Found a transporter.
  8136 | Gauntlet | Found a large runed translucent door.
  8136 | Gauntlet | Found a transporter.
  8137 | Gauntlet | Found a large runed translucent door.
  8138 | Gauntlet | Found a large runed translucent door.
  8138 | Gauntlet | Found a large runed translucent door.
  8138 | Gauntlet | Found a runed translucent door.
  8139 | Gauntlet | Found a large runed translucent door.
  8140 | Gauntlet | Found a large runed translucent door.
  8141 | Gauntlet | Found a large runed translucent door.
  8141 | Gauntlet | Found a large runed translucent door.
  8142 | Gauntlet | Found a runed translucent gate.
  8142 | Gauntlet | Found a runed translucent gate.
  8144 | Gauntlet | Noticed a dire elephant
  8144 | Gauntlet | Found a transporter.
  8144 | Gauntlet | Found a transporter.
  8226 | Gauntlet | Found a runed translucent gate.
  8227 | Gauntlet | Found a large runed translucent door.
  8227 | Gauntlet | Found a large runed translucent door.
  8228 | Gauntlet | Found a large runed translucent door.
  8229 | Gauntlet | Found a large runed translucent door.
  8238 | Gauntlet | Found a large runed translucent door.
  8238 | Gauntlet | Found a large runed translucent door.
  8238 | Gauntlet | Found a runed translucent door.
  8239 | Gauntlet | Found a large runed translucent door.
  8240 | Gauntlet | Found a large runed translucent door.
  8353 | Gauntlet | Identified the +9 hand axe "Ogre's Nightmare" {drain, rElec
                  | rC+ Int+3}
  8421 | Gauntlet | Slain by an elephant

Illustrated notes

Levels and vault maps discovered:
D:1:      dpeg_arrival_water_temple_mockup, layout_basic,
          ebering_ecumenical_altar_webs
D:2:      layout_rooms, minmay_misc_feat_tower
D:3:      layout_basic, lemuel_tele_altar, okawaru_gym_becter
D:4:      wad_lake_hut, layout_loops_ring,
          nicolae_dithmenos_through_a_glass_darkly
D:5:      layout_basic, serial_shops, shop, hellmonk_ghost_happy_afterlife,
          minivault_23, kennysheep_generic_room_12
D:6:      layout_loops_cross, nicolae_gozag_cash_rules_everything_around_me,
          nicolae_tso_carved_into_rock, gammafunk_ghost_grave
D:7:      layout_rooms, minmay_temple_entry_gardened_gates, kennysheep_path_1,
          uniq_maggie, uniq_joseph
D:8:      layout_cave_pools, nicolae_ru_path_of_blood,
          lemuel_coloured_pillars_altar, elyvilon_altar_4,
          grunt_lair_entry_orc_guard_hut, hangedman_incinerator, uniq_grum
Temple:   nicolae_temple_slightly_damp_pantheon
Lair:1:   layout_hall_layers, gauntlet_entry_generic,
          grunt_forest_small_clearings, beast_lair_carwin_8, uniq_amaemon,
          uniq_sonja
Gauntlet: minmay_gauntlet_mixed_big_or_small [nicolae_gauntlet_arena_grate_2,
          minmay_gauntlet_arena_77_two_lines, nicolae_gauntlet_arena_x,
          minmay_gauntlet_arena_77_tiled_triplets,
          minmay_gauntlet_arena_make_your_own_arena,
          minmay_gauntlet_arena_77_terracotta_army, gauntlet_exit_green]

Skill      XL: |  1  2  3  4  5  6  7  8  9 10 11 |
---------------+----------------------------------+-----
Axes           | 3 4 5 7 8 10 12 14 | 14.5
Fighting       | 4 5 6 7 8 9 |  9.2
Armour         | 4 5 6 8 9 |  9.4
Shields        | 4 5 6 7 |  7.1
Dodging        | 1 2 |  2.4
Stealth        | 1 |  1.7

Action                     |  1- 3 |  4- 6 |  7- 9 | 10-12 || total
---------------------------+-------+-------+-------+-------++-------
  Melee: War axe           |   103 |   155 |   221 |   180 ||   659
 Invoke: Convert to Beogh  |       |     1 |       |       ||     1
  Evoke: Wand              |       |       |       |     3 ||     3
    Use: Scroll            |       |     2 |     7 |     3 ||    12
         Potion            |       |       |     2 |     2 ||     4
   Stab: Distracted        |       |       |     1 |       ||     1
         Invisible         |       |       |       |     1 ||     1
 Armour: Scale mail        |    54 |       |       |       ||    54
         Plate armour      |       |   105 |   149 |   150 ||   404
  Dodge: Dodged            |    51 |    41 |    61 |    71 ||   224
  Block: Buckler           |    25 |    25 |    40 |    60 ||   150

Table legend: (Time is in decaauts)
 A = Elapsed time spent in this place.
 B = Non-inter-level travel time spent in this place.
 C = Inter-level travel time spent in this place.
 D = Time resting spent in this place.
 E = Time spent auto-exploring this place.
 F = Levels seen in this place.
 G = Mean time per level.
                   A        B        C        D        E       F      G
               +--------+--------+--------+--------+--------+-----+--------+
         Total |   8551 |   8224 |    327 |    959 |   5183 |  11 |  777.4 |
       Dungeon |   7782 |   7455 |    327 |    939 |   4937 |   8 |  972.8 |
        Temple |    247 |    247 |      0 |      0 |      0 |   1 |  247.0 |
          Lair |    162 |    162 |      0 |     20 |     84 |   1 |  162.0 |
      Gauntlet |    359 |    359 |      0 |      0 |    162 |   1 |  359.0 |
               +--------+--------+--------+--------+--------+-----+--------+

Top non-repeatable levels by time:
     D:6: 1881 daAuts
     D:1: 1232 daAuts
     D:7: 986 daAuts
     D:8: 845 daAuts
     D:3: 767 daAuts
     D:5: 732 daAuts
     D:4: 675 daAuts
     D:2: 661 daAuts
Gauntlet: 359 daAuts
  Temple: 247 daAuts
  Lair:1: 162 daAuts
